AoeStats
← from-the-river-to-the-sea

Arabia

510730364Analyzed
1v1 RM · 14h ago on Oct 2, 2026· 18m 25s· 2 players
Game mode
Random Map
Map size
Tiny (2 player)
Population
200
Speed
Normal
Resources
Standard
Victory
Conquest
Starting age
Dark Age
Ending age
Imperial Age
RankedLock teamsTeams togetherTeam positionsShared explorationLock speedFull tech treeHidden civsTurbo modeCheats
Victory
Defeat
🇸🇬 Spanish · Singapore
1036
+16
1036
-16
from-the-river-to-the-sea
8:09 Loom
10:27 Feudal Age
10:59 Gold Mining
10:55 Double-Bit Axe
10:52 Horse Collar
13:38 Wheelbarrow
15:48 Town Watch
8886Sar
0:26 Loom
7:05 Loom
7:30 Loom
9:27 Feudal Age
10:30 Double-Bit Axe
10:26 Horse Collar
15:22 Padded Archer Armor
Connection lost

Rejoining the realm…

Still unreachable

The connection could not be restored.

Session expired

The server has moved on; the page needs a fresh start.